 Dungeon Crawl Stone Soup version 0.32-a0-141-g04fe69798e (webtiles) character file.

Game seed: 10061555024190567156

2639 Kenran the Skirmisher (level 9, -6/46 HPs)
             Began as a Spriggan Hunter on Feb 11, 2024.
             Mangled by a wyvern (10 damage)
             ... on level 6 of the Dungeon.
             The game lasted 00:11:31 (5201 turns).

Kenran the Skirmisher (Spriggan Hunter)             Turns: 5201, Time: 00:11:32

Health: -6/46      AC:  4    Str:  7    XL:     9   Next: 35%
Magic:  10/10      EV: 18    Int: 10    God:
Gold:   413        SH:  0    Dex: 23    Spells: 8/8 levels left

rFire   . . .        a - +0 shortbow
rCold   . . .        (shield currently unavailable)
rNeg    . . .        c - +0 robe
rPois   .            t - +2 hat
rElec   .            (no cloak)
rCorr   .            (gloves unavailable)
SInv    +            (boots unavailable)
Will    ++...        (no amulet)
Stlth   +++          A - ring of willpower
HPRegen 0.27/turn    (no ring)
MPRegen 0.12/turn

%: no passive effects
@: hasted, very quick
A: very small, no large weapons, unfitting armour, see invisible, speed 3
a: no special abilities


You were on level 6 of the Dungeon.
You visited 1 branch of the dungeon, and saw 6 of its levels.
You also visited: Sewer.

You collected 413 gold pieces.

Inventory:

Hand Weapons
 a - a +0 shortbow (weapon)
Armour
 c - a +0 robe (worn)
 t - a +2 hat (worn)
Jewellery
 A - a ring of willpower (left hand)
Wands
 i - a wand of flame (17)
 y - a wand of mindburst (12)
Scrolls
 b - a scroll of butterflies
 d - 2 scrolls of teleportation
 f - a scroll of silence
 h - 2 scrolls of amnesia {unknown}
 l - a scroll of immolation {!r}
 p - a scroll of fog
 r - 2 scrolls of noise {unknown}
 v - 2 scrolls of poison {unknown}
Potions
 e - 4 potions of magic
 g - a potion of degeneration {unknown}
 j - a potion of might {unknown}
 m - 3 potions of mutation {!q}
 n - a potion of haste
 o - a potion of curing {unknown}
 q - 3 potions of brilliance {unknown}
 s - a potion of heal wounds {unknown}
 u - 2 potions of lignification {unknown}
 w - a potion of attraction {unknown}
 x - a potion of cancellation {unknown}
 z - 2 potions of enlightenment {unknown}


   Skills:
 + Level 4.3 Fighting
 - Level 12.0 Ranged Weapons
 - Level 3.0 Dodging
 - Level 5.0 Stealth


You had 8 spell levels left.
You didn't know any spells.
Your spell library contained the following spells:

 Spells                   Type           Power      Damage    Failure   Level
 Magic Dart               Conj           0%         1d3       36%         1
 Shock                    Conj/Air       0%         1d3       36%         1
 Blink                    Tloc           0%         N/A       50%         2
 Call Imp                 Summ           0%         N/A       50%         2
 Jinxbite                 Hex            0%         N/A       50%         2
 Ozocubu's Armour         Ice            0%         N/A       75%         3
 Swiftness                Air            0%         N/A       75%         3
 Airstrike                Air            0%         2d(0-16)  98%         4
 Metabolic Englaciation   Hex/Ice        0%         N/A       100%        5
 Yara's Violent Unravell  Hex/Alch       0%         3d3       100%        5
 Sculpt Simulacrum        Ice/Alch       0%         N/A       100%        6
 Enfeeble                 Hex            0%         N/A       100%        7


Dungeon Overview and Level Annotations

Branches:
Dungeon (6/15)              Sewer (visited)
 Temple: D:4-7

Altars:
Cheibriados

Shops:
D:1 !((

Annotations:
D:3 3 runed translucent doors, feta's ghost, amateur HOFi


Innate Abilities, Weirdness & Mutations

You are very small and have problems with some larger weapons.
You are too small for most types of armour.
You have supernaturally acute eyesight. (SInv)
You cover ground extremely quickly. (Speed+++)


Message History

You are too injured to fight recklessly!
You are too injured to fight recklessly!
You are too injured to fight recklessly!
Fire: a) +0 shortbow
Press: ? - help, Q - select action, (/) - cycle Shift-Dir - straight line, f/p - wyvern
Aim: a wyvern (heavily wounded, 71% to hit)
You shoot an arrow.
The arrow hits the wyvern but does no damage.
The wyvern is heavily wounded.
The wyvern bites you!
Fire: a) +0 shortbow
Press: ? - help, Q - select action, (/) - cycle Shift-Dir - straight line, f/p - wyvern
Aim: a wyvern (heavily wounded, 71% to hit)
You shoot an arrow.
The arrow hits the wyvern but does no damage.
The wyvern is heavily wounded.
The wyvern closely misses you.
Fire: a) +0 shortbow
Press: ? - help, Q - select action, (/) - cycle Shift-Dir - straight line, f/p - wyvern
Aim: a wyvern (heavily wounded, 71% to hit)
You shoot an arrow. The arrow closely misses the wyvern.
The wyvern misses you.
Fire: a) +0 shortbow
Press: ? - help, Q - select action, (/) - cycle Shift-Dir - straight line, f/p - wyvern
Aim: a wyvern (heavily wounded, 71% to hit)
You shoot an arrow. The arrow hits the wyvern.
The wyvern is severely wounded.
The wyvern completely misses you.
Fire: a) +0 shortbow
Press: ? - help, Q - select action, (/) - cycle Shift-Dir - straight line, f/p - wyvern
Aim: a wyvern (severely wounded, 71% to hit)
You shoot an arrow. The arrow hits the wyvern.
The wyvern is severely wounded.
The wyvern closely misses you. The wyvern bites you!
* * * LOW HITPOINT WARNING * * *
Okay, then.
You feel yourself speed up. The wyvern bites you.
* * * LOW HITPOINT WARNING * * *
The wyvern attacks as it pursues you! The wyvern bites you!
You die...

#.«...# #.###.#
######## ##.###.#
#......# ...>.#.#
#.####.#
##.#.#.#####.####.#
#.#.#..........#.#
#.....#####.##.#.#
##....# #.##.#.####
#.#...# #....@....#
##.#.## ###.k####.#
####... #..# # .#
#.. #... ......
..... ###. .......
#.......# #.......#
#.......#


You could see a wyvern.

Vanquished Creatures
  Pikel (D:5)
  Sigmund (D:5)
  A sky beast (D:6)
  2 black bears
  Pargi (D:4)
  A crocodile (Sewer)
  4 ogres
  2 lemures (D:5)
  Blork the orc (D:4)
  A brain worm (Sewer)
  2 scorpions (D:5)
  2 jellies
  4 orc priests
  5 hounds
  A gnoll bouda (D:6)
  2 iguanas
  7 sleepcaps
  5 orc wizards
  Robin (D:4)
  4 gnolls (D:6)
  8 adders
  A shadow imp (D:6)
  A white imp (D:5)
  5 dart slugs
  4 ribbon worms
  12 orcs
  8 ball pythons
  11 bats
  6 endoplasms
  2 giant cockroaches
  20 goblins
  12 hobgoblins
  4 jackals (D:1)
  9 quokkas
  3 frilled lizards
  9 kobolds
  8 rats
171 creatures vanquished.

Notes
Turn   | Place    | Note
-------+----------+-------------------------------------------
     0 | D:1      | Kenran the Spriggan Hunter began the quest for the Orb.
     0 | D:1      | Reached XP level 1. HP: 10/10 MP: 2/2
    40 | D:1      | Found Cala's Distillery.
    92 | D:1      | Found Qociy's Antique Weapon Boutique.
   116 | D:1      | Reached XP level 2. HP: 13/14 MP: 3/3
   204 | D:1      | Found Veuczisap's Weapon Shop.
   486 | D:1      | Reached skill level 5 in Ranged Weapons
   527 | D:1      | Reached XP level 3. HP: 15/18 MP: 4/4
  1283 | D:2      | Reached XP level 4. HP: 22/22 MP: 5/5
  1575 | D:3      | Reached skill level 6 in Ranged Weapons
  1785 | D:3      | Found a runed translucent gate.
  1785 | D:3      | Noticed feta's ghost (amateur HOFi)
  1786 | D:3      | Found a runed translucent gate.
  1787 | D:3      | Identified the +7 mace "Igitol" {venom, rElec Str-3 Int+3
                  | Dex+3}
  1787 | D:3      | Identified the +0 leather armour "Rust" {Harm Int+3}
  1795 | D:3      | Found a runed translucent gate.
  1869 | D:3      | Found a faded altar of an unknown god.
  1963 | D:3      | Found a snail-covered altar of Cheibriados.
  2129 | D:4      | Reached XP level 5. HP: 17/25 MP: 6/6
  2170 | D:4      | Noticed an ogre
  2226 | D:3      | Killed an ogre
  2227 | D:3      | Reached skill level 7 in Ranged Weapons
  2227 | D:3      | Reached XP level 6. HP: 29/30 MP: 7/7
  2332 | D:4      | Noticed Robin
  2339 | D:4      | Killed Robin
  2388 | D:4      | Noticed Blork the orc
  2402 | D:4      | Killed Blork the orc
  2403 | D:4      | Reached skill level 8 in Ranged Weapons
  2586 | D:4      | Noticed Pargi
  2674 | D:4      | Reached XP level 7. HP: 27/33 MP: 8/8
  2786 | D:4      | Killed Pargi
  2804 | D:4      | Reached skill level 9 in Ranged Weapons
  3051 | D:5      | Entered Level 5 of the Dungeon
  3400 | D:5      | Reached skill level 10 in Ranged Weapons
  3457 | D:5      | Reached XP level 8. HP: 37/37 MP: 9/9
  3558 | D:5      | Noticed Pikel
  3708 | D:5      | Found a glowing drain.
  3732 | Sewer    | Entered a sewer
  3826 | Sewer    | Reached skill level 5 in Stealth
  4113 | D:5      | Reached skill level 11 in Ranged Weapons
  4431 | D:5      | Killed Pikel
  4432 | D:5      | Reached skill level 12 in Ranged Weapons
  4432 | D:5      | Reached XP level 9. HP: 42/42 MP: 10/10
  4482 | D:5      | Noticed Sigmund
  4489 | D:5      | Killed Sigmund
  5201 | D:6      | Mangled by a wyvern

Illustrated notes

Levels and vault maps discovered:
D:1:      nicolae_arrival_memento_mori, layout_loops_ring, serial_shops, shop,
          nicolae_shop_behind_doors, nicolae_shop_bloodbath_and_beyond,
          minivault_11, chequers_big_river
D:2:      layout_loops_ring, st_stairs_1, minmay_misc_feat_plants
D:3:      layout_rooms, cheibrodos_worm_habitat,
          dreamdust_ecumenical_altar_hidden_monk_grotto,
          biasface_ghost_orc_armoury, minmay_goblin_outpost
D:4:      layout_rooms, hellmonk_no_cap, uniq_blork_the_orc, uniq_robin,
          uniq_pargi
D:5:      layout_loops_cross, portal_sewer_entry_f, st_stairs_4, moated_statue,
          grunt_ministairs_7, uniq_sigmund, uniq_pikel
D:6:      layout_loops_cross

Skill      XL: |  1  2  3  4  5  6  7  8  9 |
---------------+----------------------------+-----
Ranged Weapons | 5 6 7 8 10 12 | 12.0
Stealth        | 2 5 |  5.0
Dodging        | 3 |  3.0
Fighting       | 4 |  4.3

Action                     |  1- 3 |  4- 6 |  7- 9 || total
---------------------------+-------+-------+-------++-------
   Fire: Shortbow          |   130 |   222 |   420 ||   772
    Use: Scroll            |       |       |     7 ||     7
         Potion            |       |       |     1 ||     1
 Armour: Robe              |    21 |    30 |    77 ||   128
  Dodge: Dodged            |    62 |    57 |   138 ||   257

Table legend: (Time is in decaauts)
 A = Elapsed time spent in this place.
 B = Non-inter-level travel time spent in this place.
 C = Inter-level travel time spent in this place.
 D = Time resting spent in this place.
 E = Time spent auto-exploring this place.
 F = Levels seen in this place.
 G = Mean time per level.
                   A        B        C        D        E       F      G
               +--------+--------+--------+--------+--------+-----+--------+
         Total |   3818 |   3735 |     83 |    825 |   1618 |   7 |  545.4 |
       Dungeon |   3668 |   3585 |     83 |    770 |   1578 |   6 |  611.3 |
         Sewer |    150 |    150 |      0 |     55 |     40 |   1 |  150.0 |
               +--------+--------+--------+--------+--------+-----+--------+

Top non-repeatable levels by time:
     D:5: 862 daAuts
     D:4: 838 daAuts
     D:1: 690 daAuts
     D:3: 476 daAuts
     D:6: 419 daAuts
     D:2: 380 daAuts
   Sewer: 150 daAuts
